Construct Light Support Kompanie
Selects Panzerjäger Kommand Battlegroup
Panzerjäger Mechanized Group
Construct Panzerarmee Kommand
Panzerjäger Mechanized Group
Selects Crew Shock Tactics
Selects Anti-tank Overwatch
Construct Mechanized Kompanie
Selects Defensive Positions
Selects Butterfly Bomb Drop
Flak 36 Anti-tank Gun Team
Walking Stuka Rocket Launcher
Construct Mechanized Kompanie
18-tonne Recovery Half-track